[Event "Titled Tuesday Blitz May 03 Late 2022"]
[White "Drygalov, Sergey"]
[Black "Tisaj, Domen"]
[WhiteFideId "24171743"]
[BlackFideId "14628708"]
[WhiteElo "2514"]
[BlackElo "2333"]
[Result "1-0"]
[Round "05"]
[TimeControl "180+1"]
[Date "2022.05.03"]
[WhiteClock "0:02:30"]
[BlackClock "0:01:54"]

1. d4 d5 2. c4 e6 3. Nc3 Nf6 4. cxd5 exd5 5. Bg5 c6 6. e3 Be7 7. Bd3 Nbd7 8. Nge2 O-O 9. O-O Re8 10. f3 Nf8 11. Qc2 Ng6 12. Rad1 h6 13. Bxf6 Bxf6 14. e4 dxe4 15. Bxe4 Qd6 16. d5 c5 17. Bxg6 fxg6 18. Ne4 Qb6 19. d6 Bd7 20. Nxf6+ gxf6 21. Qxg6+ 1-0


[Site "https://www.chess.com"]

[Event "Titled Tuesday Blitz May 03 Late 2022"]
[White "Dubov, Daniil"]
[Black "Rustemov, Alexander"]
[WhiteFideId "24126055"]
[BlackFideId "4119002"]
[WhiteElo "2791"]
[BlackElo "2731"]
[Result "1-0"]
[Round "05"]
[TimeControl "180+1"]
[Date "2022.05.03"]
[WhiteClock "0:00:11"]
[BlackClock "0:00:02"]

1. d4 d5 2. Nf3 Nf6 3. c4 c6 4. Nc3 a6 5. c5 Nbd7 6. g3 g6 7. Bg2 Bg7 8. O-O O-O 9. Qc2 Nh5 10. Rd1 Qc7 11. e4 dxe4 12. Nxe4 Ndf6 13. Nc3 Bg4 14. h3 Bxf3 15. Bxf3 e6 16. Be3 Bh8 17. b4 Ng7 18. g4 Nd5 19. Bh6 Nxc3 20. Qxc3 Rfd8 21. a4 Ne8 22. Qe3 Nf6 23. Bf4 Qe7 24. b5 axb5 25. axb5 Qd7 26. Bd6 Nd5 27. Bxd5 exd5 28. Rxa8 Rxa8 29. b6 Re8 30. Qf3 Re4 31. Ra1 h6 32. Ra8+ Re8 33. Rxe8+ Qxe8 34. Qf4 g5 35. Qe3 Qxe3 36. fxe3 f6 37. e4 f5 38. exd5 Bxd4+ 39. Kg2 cxd5 40. gxf5 Kf7 41. Kg3 h5 42. h4 g4 43. Kf4 Ke8 44. c6 bxc6 45. b7 Ba7 46. b8=Q+ Bxb8 47. Bxb8 Ke7 48. Kg5 c5 49. Kxh5 d4 50. Kxg4 c4 51. Kf3 Kf6 52. Ke4 d3 53. Be5+ Kf7 54. Bc3 1-0


[Site "https://www.chess.com"]

[Event "Titled Tuesday Blitz May 03 Late 2022"]
[White "Erdogdu, Mert"]
[Black "Bluebaum, Matthias"]
[WhiteFideId "6301495"]
[BlackFideId "24651516"]
[WhiteElo "2485"]
[BlackElo "2550"]
[Result "0-1"]
[Round "05"]
[TimeControl "180+1"]
[Date "2022.05.03"]
[WhiteClock "0:00:04"]
[BlackClock "0:00:42"]

1. e4 c6 2. Nf3 d5 3. d3 dxe4 4. dxe4 Qxd1+ 5. Kxd1 Nf6 6. Nbd2 Bg4 7. Be2 Nbd7 8. Ne1 Bxe2+ 9. Kxe2 g5 10. Nd3 Bg7 11. f3 g4 12. a4 Rg8 13. Nc4 Bh8 14. Be3 b6 15. c3 O-O-O 16. Rhg1 Nh5 17. Nf2 gxf3+ 18. gxf3 Ne5 19. Nxe5 Bxe5 20. Rxg8 Rxg8 21. Ng4 Bxh2 22. a5 Kb7 23. a6+ Kc7 24. Kf2 Bg3+ 25. Kg2 Bf4 26. Rh1 Bxe3 27. Rxh5 h6 28. Kf1 Bc1 29. b3 Rd8 30. Ne5 f6 31. Ng4 Rd3 32. e5 Rxf3+ 33. Ke2 Rxc3 34. exf6 exf6 35. Nxf6 Rxb3 36. Re5 b5 37. Re7+ Kb6 38. Nd7+ Ka5 39. Nb8 Bf4 40. Nxc6+ Kxa6 41. Rxa7+ Kb6 42. Rf7 Kxc6 43. Rxf4 Rh3 44. Rf5 Kb6 45. Kd2 Ka5 46. Kc2 Ka4 47. Rf8 Rh2+ 48. Kb1 b4 49. Rf3 h5 50. Rg3 h4 51. Rf3 Rg2 52. Rh3 Rg4 53. Kb2 Kb5 54. Kb3 Rg3+ 0-1


[Site "https://www.chess.com"]

[Event "Titled Tuesday Blitz May 03 Late 2022"]
[White "Ezat, Mohamed"]
[Black "Zherebtsova, Alexandra"]
[WhiteFideId "10600906"]
[BlackFideId "24129518"]
[WhiteElo "2386"]
[BlackElo "2025"]
[Result "0-1"]
[Round "05"]
[TimeControl "180+1"]
[Date "2022.05.03"]
[WhiteClock "0:00:12"]
[BlackClock "0:00:02"]

1. d4 d5 2. c4 e6 3. Nc3 Nf6 4. cxd5 exd5 5. Bg5 c6 6. Qc2 h6 7. Bh4 Be7 8. e3 O-O 9. Bd3 Re8 10. Nge2 Ne4 11. Bxe7 Qxe7 12. Bxe4 dxe4 13. Ng3 f5 14. O-O Be6 15. f3 exf3 16. Rxf3 g6 17. e4 fxe4 18. Qxe4 Bf7 19. Qf4 Kg7 20. Qg4 Qe6 21. Nh5+ Kh8 22. Qf4 gxh5 23. Qxf7 Qxf7 24. Rxf7 b6 25. Raf1 Na6 26. a3 Red8 27. Ne4 Kg8 28. Rb7 Rxd4 29. Nf6+ Kf8 30. Nxh5+ Kg8 31. Nf6+ Kf8 32. Nd5+ Kg8 33. Ne7+ Kh8 34. Ng6+ Kg8 0-1


[Site "https://www.chess.com"]

[Event "Titled Tuesday Blitz May 03 Late 2022"]
[White "Fedoseev, Vladimir"]
[Black "Narayanan.S.L"]
[WhiteFideId "24130737"]
[BlackFideId "5058422"]
[WhiteElo "2726"]
[BlackElo "2494"]
[Result "1-0"]
[Round "05"]
[TimeControl "180+1"]
[Date "2022.05.03"]
[WhiteClock "0:00:12"]
[BlackClock "0:00:08"]

1. e4 c5 2. Nf3 e6 3. d4 cxd4 4. Nxd4 a6 5. c4 d6 6. Nc3 Nf6 7. Be3 Be7 8. g4 h6 9. Rg1 Nc6 10. h4 Nd7 11. g5 hxg5 12. hxg5 g6 13. Be2 Qa5 14. Nb3 Qc7 15. f4 b6 16. Rc1 Nc5 17. Nd4 Bb7 18. Nxc6 Qxc6 19. Bf3 Rh3 20. Kf2 Rxf3+ 21. Kxf3 Nxe4 22. Nxe4 Qxe4+ 23. Kf2 O-O-O 24. Qg4 Rh8 25. Qg2 Qxg2+ 26. Rxg2 Bxg2 27. Kxg2 Kb7 28. b3 Kc6 29. a4 a5 30. Bd4 Rh4 31. Be3 Rh5 32. Kg3 e5 33. Kg4 Rh2 34. fxe5 dxe5 35. Rf1 Rg2+ 36. Kf3 Rb2 37. Ke4 Rxb3 38. Rxf7 Kd6 39. Rg7 Rc3 40. Rxg6+ Kd7 41. Rxb6 Rxc4+ 42. Kd5 Rxa4 43. Rb7+ Ke8 44. Ke6 Bxg5 45. Bxg5 Kf8 46. Bf6 Kg8 47. Rg7+ Kf8 48. Rd7 Kg8 49. Rd8+ Kh7 50. Kf7 1-0


[Site "https://www.chess.com"]

[Event "Titled Tuesday Blitz May 03 Late 2022"]
[White "Fernandez Hernandez, Gerardo"]
[Black "Itkis, Boris"]
[WhiteFideId "2207400"]
[BlackFideId "1209167"]
[WhiteElo "2204"]
[BlackElo "2207"]
[Result "0-1"]
[Round "05"]
[TimeControl "180+1"]
[Date "2022.05.03"]
[WhiteClock "0:01:08"]
[BlackClock "0:02:19"]

1. e4 e5 2. Nf3 Nc6 3. Bc4 Nf6 4. Ng5 d5 5. exd5 Na5 6. Bb5+ c6 7. dxc6 bxc6 8. Qf3 Be7 9. Nc3 O-O 10. O-O Bg4 11. Qe3 cxb5 12. Qxe5 b4 13. Nce4 h6 14. Nxf6+ Bxf6 15. Qe4 Bxg5 16. Qxg4 Nc6 17. d3 Bxc1 18. Raxc1 Qd4 19. Qxd4 Nxd4 20. c3 Ne2+ 0-1


[Site "https://www.chess.com"]

[Event "Titled Tuesday Blitz May 03 Late 2022"]
[White "Fishbein, Alexander"]
[Black "Shimanov, Aleksandr"]
[WhiteFideId "2000377"]
[BlackFideId "4198603"]
[WhiteElo "2442"]
[BlackElo "2636"]
[Result "0-1"]
[Round "05"]
[TimeControl "180+1"]
[Date "2022.05.03"]
[WhiteClock "0:00:01"]
[BlackClock "0:00:21"]

1. e4 d5 2. exd5 Qxd5 3. d4 Nc6 4. Nf3 Bg4 5. Be2 O-O-O 6. c4 Qf5 7. Be3 Bxf3 8. Bxf3 Nxd4 9. Bxd4 Qe6+ 10. Be2 Qe4 11. O-O Qxd4 12. Qb3 e6 13. Nc3 Qb6 14. Qc2 Nf6 15. Bf3 Bd6 16. Na4 Qd4 17. c5 Be5 18. c6 b6 19. g3 Qd3 20. Nxb6+ cxb6 21. Qa4 a6 22. Rfd1 Qb5 23. Qc2 Rxd1+ 24. Rxd1 Rd8 25. Rxd8+ Kxd8 26. Qd2+ Kc7 27. b3 Bd6 28. Kg2 h6 29. a4 Qxb3 30. a5 bxa5 31. Qd4 Qb6 32. Qh4 Qb4 33. g4 a4 34. Qh3 a3 35. g5 hxg5 36. Qh8 g4 37. Qxg7 gxf3+ 38. Kh3 Qg4+ 0-1


[Site "https://www.chess.com"]

[Event "Titled Tuesday Blitz May 03 Late 2022"]
[White "Golubev, Mikhail"]
[Black "Leiva, Gianmarco"]
[WhiteFideId "14100983"]
[BlackFideId "3804399"]
[WhiteElo "2528"]
[BlackElo "2752"]
[Result "0-1"]
[Round "05"]
[TimeControl "180+1"]
[Date "2022.05.03"]
[WhiteClock "0:00:05"]
[BlackClock "0:00:15"]

1. e4 g6 2. d4 Bg7 3. c4 d6 4. Nc3 Nd7 5. Nf3 e5 6. Be2 Ne7 7. O-O O-O 8. Be3 f5 9. dxe5 Nxe5 10. Nxe5 Bxe5 11. Bg5 Be6 12. Nd5 Bxd5 13. exd5 Qd7 14. f4 Bg7 15. Qd2 Kh8 16. Bf3 Ng8 17. Rae1 Rae8 18. Re6 Rxe6 19. dxe6 Qxe6 20. Bd5 Qc8 21. Re1 Re8 22. Rxe8 Qxe8 23. Bxb7 Qa4 24. b3 Qa3 25. h3 a5 26. Kh2 a4 27. Qa5 Qc1 28. Qa8 Bd4 29. Bf6+ Bxf6 30. Bd5 Qxf4+ 31. g3 Qf2+ 32. Kh1 Qf1+ 33. Kh2 Qe2+ 34. Kh1 Qe1+ 35. Kg2 Qd2+ 36. Kh1 Qd1+ 37. Kg2 Qc2+ 38. Kf3 Qd3+ 39. Kg2 Qe2+ 40. Kh1 Qf1+ 41. Kh2 Qf2+ 42. Kh1 Kg7 43. Qxg8+ Kh6 44. bxa4 Qxg3 45. Qf8+ Bg7 46. Qe7 Qxh3+ 0-1


[Site "https://www.chess.com"]

[Event "Titled Tuesday Blitz May 03 Late 2022"]
[White "Gutierrez Olivares, Daniel"]
[Black "Hernandez Bermudez, Ulises Eduardo"]
[WhiteFideId "2264005"]
[BlackFideId "3902510"]
[WhiteElo "2317"]
[BlackElo "2056"]
[Result "1-0"]
[Round "05"]
[TimeControl "180+1"]
[Date "2022.05.03"]
[WhiteClock "0:00:32"]
[BlackClock "0:00:01"]

1. Nf3 Nf6 2. g3 g6 3. c4 Bg7 4. Bg2 d6 5. O-O O-O 6. Nc3 Nc6 7. b3 e5 8. Bb2 Re8 9. Rc1 Bf5 10. a3 a5 11. Nd5 Nxd5 12. cxd5 Ne7 13. Nh4 Bd7 14. Qc2 Rc8 15. e4 c6 16. dxc6 bxc6 17. d3 Qb6 18. Bc3 d5 19. Rb1 d4 20. Bd2 c5 21. f4 f6 22. Nf3 Bb5 23. a4 Ba6 24. Bh3 Rc7 25. fxe5 fxe5 26. Ng5 Nc8 27. Qa2 Nd6 28. b4+ c4 29. bxa5 Qc6 30. Rb6 Qa8 31. Be6+ Rxe6 32. Nxe6 Re7 33. dxc4 Nc8 34. c5 Nxb6 35. axb6 1-0


[Site "https://www.chess.com"]

[Event "Titled Tuesday Blitz May 03 Late 2022"]
[White "Guz, Ari"]
[Black "Tristan, Leonardo"]
[WhiteFideId "2825759"]
[BlackFideId "113816"]
[WhiteElo "1913"]
[BlackElo "2404"]
[Result "0-1"]
[Round "05"]
[TimeControl "180+1"]
[Date "2022.05.03"]
[WhiteClock "0:00:04"]
[BlackClock "0:00:25"]

1. Nf3 d5 2. b3 Bf5 3. Bb2 e6 4. e3 Nf6 5. Be2 h6 6. O-O Nbd7 7. c4 c6 8. d4 Bd6 9. Nbd2 O-O 10. Ne5 Qe7 11. Ndf3 Rfe8 12. Rc1 Rad8 13. Bd3 Bxd3 14. Qxd3 Ne4 15. Rfd1 Ba3 16. Bxa3 Qxa3 17. Nxd7 Rxd7 18. Ne5 Rdd8 19. f3 Nd6 20. Rc2 dxc4 21. bxc4 Qxd3 22. Nxd3 Nf5 23. Kf2 e5 24. g4 Nh4 25. Nc5 b6 26. Ne4 exd4 27. exd4 f5 28. gxf5 Nxf5 29. d5 c5 30. Re2 Nd4 31. Re3 Rf8 32. Nc3 Rf7 33. Ne2 Nf5 34. Ra3 Nd6 35. Rc1 Re8 36. Ng3 g6 37. Re3 Ref8 38. Kg2 Kg7 39. Re6 Rd8 40. Ne4 Nf5 41. Ng3 Nh4+ 42. Kh3 Nxf3 43. Ne4 Nd4 44. Rd6 Re8 45. Re1 Nf3 46. Re3 Rxe4 47. Rxe4 Ng5+ 48. Kg2 Nxe4 49. Re6 Nf6 50. d6 Rd7 51. Kf3 Kf7 0-1


[Site "https://www.chess.com"]

[Event "Titled Tuesday Blitz May 03 Late 2022"]
[White "Hakobyan, Aram"]
[Black "Tang, Andrew"]
[WhiteFideId "13306677"]
[BlackFideId "2059630"]
[WhiteElo "2557"]
[BlackElo "2584"]
[Result "0-1"]
[Round "05"]
[TimeControl "180+1"]
[Date "2022.05.03"]
[WhiteClock "0:00:23"]
[BlackClock "0:00:15"]

1. d4 d5 2. c4 e6 3. Nc3 Be7 4. Nf3 Nf6 5. Bf4 O-O 6. e3 Nbd7 7. Be2 c5 8. cxd5 Nxd5 9. Nxd5 exd5 10. O-O Nf6 11. dxc5 Bxc5 12. Rc1 Bb6 13. Nd4 Re8 14. h3 Bd7 15. Bd3 h6 16. Qb3 Rc8 17. Nf5 Rxc1 18. Rxc1 Bxf5 19. Bxf5 d4 20. Rc8 Qe7 21. Rxe8+ Qxe8 22. Kh2 g5 23. Bg3 dxe3 24. fxe3 Qxe3 25. Qxe3 Bxe3 26. Bc8 b6 27. Be5 Nd5 28. Bb7 Nb4 29. a3 Nd3 30. Bc3 Bc1 31. Be4 Nxb2 32. Bxb2 Bxb2 33. a4 Kf8 34. g4 Ke7 35. Bd5 f6 36. Kg3 Kd6 37. Bf7 Kc5 38. Kf3 Kd4 39. Be6 Bc1 40. Bc8 Kc4 41. Ke4 Kb4 42. Bd7 a6 43. Kf5 Bb2 44. Kg6 b5 45. axb5 axb5 46. Kxh6 Kc4 47. Kh5 b4 48. h4 Bc1 49. hxg5 fxg5 50. Be6+ Kc3 51. Kg6 b3 52. Bf5 b2 53. Bb1 Bf4 54. Kf5 Kd2 55. Ke4 Kc1 56. Ba2 b1=Q+ 57. Bxb1 Kxb1 58. Kd3 Kc1 59. Ke2 Kc2 60. Kf3 Kd3 61. Kg2 Ke4 62. Kh3 Be5 63. Kg2 Kf4 64. Kh3 Bd6 65. Kg2 Kxg4 66. Kh1 Kf3 67. Kg1 g4 68. Kh1 g3 69. Kg1 Bc5+ 70. Kh1 g2+ 71. Kh2 g1=Q+ 72. Kh3 Qh1# 0-1


[Site "https://www.chess.com"]

[Event "Titled Tuesday Blitz May 03 Late 2022"]
[White "Hnydiuk, Aleksander"]
[Black "Vovk, Orest"]
[WhiteFideId "1109057"]
[BlackFideId "14113490"]
[WhiteElo "2374"]
[BlackElo "2203"]
[Result "0-1"]
[Round "05"]
[TimeControl "180+1"]
[Date "2022.05.03"]
[WhiteClock "0:00:01"]
[BlackClock "0:00:53"]

1. e4 g5 2. d4 h6 3. h4 g4 4. Be3 d5 5. exd5 Qxd5 6. Nc3 Qa5 7. Bd3 Bg7 8. Qd2 Nc6 9. O-O-O Be6 10. Kb1 O-O-O 11. Nge2 Nb4 12. a3 Nxd3 13. Qxd3 Nf6 14. Ng3 Nd5 15. Nxd5 Qxd5 16. b3 Qxg2 17. c4 Qf3 18. d5 f5 19. Bd4 Bxd4 20. Qxf3 gxf3 21. Rxd4 Bf7 22. Rf4 e5 23. dxe6 Bxe6 24. Re1 Bf7 25. Rxf3 Rd2 26. Kc1 Ra2 27. Re7 Be8 28. Nxf5 Bc6 29. Rf4 Rxa3 30. Kb2 Ra5 31. Nd4 Rc5 32. Ne6 Re5 33. Rff7 Kb8 34. Nxc7 Rxe7 35. Rxe7 Rf8 36. Ne6 Rxf2+ 37. Kc3 a5 38. Nd4 Rh2 39. Nxc6+ bxc6 40. Re6 Rh3+ 41. Kc2 Rxh4 42. Rxc6 a4 43. bxa4 Kb7 0-1


[Site "https://www.chess.com"]

[Event "Titled Tuesday Blitz May 03 Late 2022"]
[White "Hoffmann, Asa"]
[Black "Koziorowicz, Michal"]
[WhiteFideId "2001470"]
[BlackFideId "21809194"]
[WhiteElo "2117"]
[BlackElo "2235"]
[Result "1-0"]
[Round "05"]
[TimeControl "180+1"]
[Date "2022.05.03"]
[WhiteClock "0:00:05"]
[BlackClock "0:00:13"]

1. d4 f5 2. Nc3 Nf6 3. Bg5 d5 4. f3 e6 5. e4 dxe4 6. fxe4 Be7 7. exf5 exf5 8. Bc4 Nbd7 9. Qe2 Nb6 10. Bxf6 gxf6 11. Qh5+ Kd7 12. Qxf5+ Ke8 13. Qh5+ Kd7 14. Bb3 c6 15. O-O-O Kc7 16. Nf3 a5 17. a3 a4 18. Ba2 Kb8 19. Rhe1 Bd6 20. Ne4 Bc7 21. Nc5 Ra5 22. Qf7 Ka8 23. Kb1 Bf5 24. Ne6 Bxe6 25. Qxe6 Rb5 26. Bc4 Nxc4 27. Qxc4 Kb8 28. Qxa4 Rg8 29. g3 Qd5 30. Nd2 Rb6 31. Qc4 Rc8 32. Qxd5 cxd5 33. Re7 Bd6 34. Rxh7 Bxa3 35. Nb3 Bb4 36. Rh5 Rb5 37. Rd3 Ka7 38. Rf3 Rc6 39. Rhf5 Be7 40. Re3 Bd8 41. Re8 Bb6 42. Rf8 Rc4 43. R8xf6 Bxd4 44. Nxd4 Rxd4 45. b3 Rc5 46. Rf2 Rd1+ 47. Kb2 d4 48. R6f4 d3 49. cxd3 Rxd3 50. R4f3 Rd1 51. h4 Rh1 52. b4 Rcc1 53. Rc2 Rb1+ 54. Kc3 Ra1 55. Kd4 Rab1 56. Kc5 Ra1 57. b5 Rhb1 58. h5 Ra5 59. g4 Rbxb5+ 60. Kd4 Rd5+ 61. Ke4 Rd1 62. Rf5 Ra4+ 63. Ke5 Rxg4 64. Rh2 Re1+ 65. Kf6 Re8 66. h6 Rgg8 67. h7 Rh8 68. Kg7 Kb8 69. Rf7 Rc8 70. Rb2 Rcd8 71. Rbxb7+ Kc8 72. Rfc7# 1-0


[Site "https://www.chess.com"]

[Event "Titled Tuesday Blitz May 03 Late 2022"]
[White "Ibarra Jerez, Jose Carlos"]
[Black "Vypkhaniuk, Ihor"]
[WhiteFideId "2226332"]
[BlackFideId "14112256"]
[WhiteElo "2626"]
[BlackElo "2346"]
[Result "1-0"]
[Round "05"]
[TimeControl "180+1"]
[Date "2022.05.03"]
[WhiteClock "0:01:39"]
[BlackClock "0:00:07"]

1. e4 d5 2. exd5 Nf6 3. Be2 Qxd5 4. Nf3 Bg4 5. d4 Nc6 6. c4 Qf5 7. Be3 O-O-O 8. Nbd2 e5 9. d5 Nb4 10. Rc1 Nxa2 11. Ra1 Nb4 12. O-O Nc2 13. Rxa7 Nxe3 14. Qa4 Nd7 15. fxe3 Bc5 16. Ra8+ Nb8 17. Nd4 Qd7 18. Bxg4 Qxg4 19. Ra1 c6 20. N2b3 Bxd4 21. exd4 Rhe8 22. dxc6 exd4 23. Qa7 Kc7 24. Qxb7+ Kd6 25. c7 Nc6 26. cxd8=Q+ Nxd8 27. Qd5+ Ke7 28. Re1+ 1-0


[Site "https://www.chess.com"]

[Event "Titled Tuesday Blitz May 03 Late 2022"]
[White "Jacobson, Aaron"]
[Black "Zanette, Edgard Vinicius"]
[WhiteFideId "2089912"]
[BlackFideId "2109263"]
[WhiteElo "2265"]
[BlackElo "2182"]
[Result "1-0"]
[Round "05"]
[TimeControl "180+1"]
[Date "2022.05.03"]
[WhiteClock "0:02:40"]
[BlackClock "0:00:30"]

1. e4 e5 2. d4 exd4 3. Qxd4 Nc6 4. Qd3 Nf6 5. Nc3 Bb4 6. Bd2 Qe7 7. O-O-O O-O 8. f4 Bxc3 9. Bxc3 Nxe4 10. Re1 f5 11. g4 d6 12. Nf3 Qf7 13. Ng5 Nxg5 14. fxg5 fxg4 15. Bg2 Bf5 16. Qd2 Qg6 17. h4 h5 18. gxh6 Qxh6 19. h5 Qxd2+ 20. Bxd2 Ne5 21. h6 Nf3 22. hxg7 Rfe8 23. Rxe8+ Rxe8 24. Rh8+ Kf7 25. Rxe8 1-0


[Site "https://www.chess.com"]

[Event "Titled Tuesday Blitz May 03 Late 2022"]
[White "Jacobson, Brandon"]
[Black "Rasulov, Vugar"]
[WhiteFideId "30901561"]
[BlackFideId "13402390"]
[WhiteElo "2362"]
[BlackElo "2560"]
[Result "0-1"]
[Round "05"]
[TimeControl "180+1"]
[Date "2022.05.03"]
[WhiteClock "0:00:01"]
[BlackClock "0:00:12"]

1. d4 d5 2. c4 c6 3. Nf3 Nf6 4. e3 e6 5. Bd3 Nbd7 6. b3 Bd6 7. Bb2 O-O 8. O-O b6 9. Nbd2 Bb7 10. Qe2 Qe7 11. Rad1 Rad8 12. e4 dxe4 13. Nxe4 Nxe4 14. Qxe4 f5 15. Qe3 c5 16. d5 e5 17. Ng5 e4 18. Rfe1 Nf6 19. Qh3 Bc8 20. Bb1 h6 21. Nf3 Ng4 22. g3 Qf7 23. Nd2 Nxf2 24. Kxf2 f4 25. Qg2 e3+ 26. Kg1 exd2 27. Rxd2 fxg3 28. hxg3 Rde8 29. Rde2 Rxe2 30. Rxe2 Qh5 31. Bc2 Bg4 32. Qe4 Bf5 33. Qe3 Bxc2 34. Qe6+ Rf7 35. Qe8+ Bf8 36. Qe6 Bf5 37. Qe4 Bxe4 0-1


[Site "https://www.chess.com"]

[Event "Titled Tuesday Blitz May 03 Late 2022"]
[White "Janaszak, Dawid"]
[Black "Jegorovas, Aleksandras"]
[WhiteFideId "1119206"]
[BlackFideId "12801950"]
[WhiteElo "2199"]
[BlackElo "2247"]
[Result "1-0"]
[Round "05"]
[TimeControl "180+1"]
[Date "2022.05.03"]
[WhiteClock "0:01:10"]
[BlackClock "0:00:06"]

1. e4 e6 2. d4 d5 3. Bd3 c5 4. exd5 exd5 5. c3 Nc6 6. Nf3 c4 7. Bc2 Bd6 8. O-O Nge7 9. Nh4 Qc7 10. f4 O-O 11. Qh5 g6 12. Qh6 Nd8 13. Nd2 Ne6 14. f5 Bf4 15. Rxf4 Qxf4 16. Ndf3 Qxh6 17. Bxh6 Nxf5 18. Bxf5 gxf5 19. Bxf8 Nxf8 20. Re1 Bd7 21. Ne5 Be6 22. Rf1 Ng6 23. Nef3 a5 24. g3 Ra6 25. Ng2 Rb6 26. Rf2 f6 27. Kf1 Kf7 28. Ke1 Bd7 29. Kd1 Ba4+ 30. Kc1 Re6 31. Kd2 Bd7 32. Nfh4 Nxh4 33. Nxh4 Re4 34. Ng2 f4 35. Nxf4 Bc6 36. Nh5 Re6 37. g4 Ke7 38. Ng3 b5 39. Rf5 b4 40. Rh5 Kd7 41. Rxh7+ Kc8 42. Nf5 Bd7 43. Ne7+ Kd8 44. Nxd5 Re4 45. Rxd7+ 1-0


[Site "https://www.chess.com"]

[Event "Titled Tuesday Blitz May 03 Late 2022"]
[White "Kamsky, Gata"]
[Black "Sokolovsky, Yahli"]
[WhiteFideId "2000024"]
[BlackFideId "2820242"]
[WhiteElo "2645"]
[BlackElo "1770"]
[Result "1-0"]
[Round "05"]
[TimeControl "180+1"]
[Date "2022.05.03"]
[WhiteClock "0:00:48"]
[BlackClock "0:00:01"]

1. d4 d5 2. Bf4 e6 3. e3 Nf6 4. Nd2 Bd6 5. c3 O-O 6. Ngf3 c5 7. Ne5 Nc6 8. Bd3 Qc7 9. Ndf3 h6 10. O-O Nd7 11. Nxd7 Bxd7 12. Bg3 e5 13. dxc5 Bxc5 14. Bb5 Qb6 15. Bxc6 Bxc6 16. b4 Be7 17. Bxe5 a5 18. Bd4 Qd8 19. a3 Bd6 20. Qd3 Qd7 21. Rfd1 Ra6 22. Be5 Be7 23. Nd4 axb4 24. axb4 Rxa1 25. Rxa1 Qg4 26. Qf5 Qxf5 27. Nxf5 Bg5 28. Bxg7 Re8 29. Bxh6 Bf6 30. Nd4 Bxd4 31. cxd4 Rc8 32. Bg5 Bb5 33. h4 Rc4 34. Be7 Rc2 35. Bf6 Kh7 36. h5 Kh6 37. g4 Rc6 38. g5+ Kxh5 39. Kg2 Kg6 40. Kg3 Bd3 41. Ra8 Rb6 42. Kf4 Rxb4 43. Rh8 1-0


[Site "https://www.chess.com"]

[Event "Titled Tuesday Blitz May 03 Late 2022"]
[White "Kazakouski, Valery"]
[Black "Skawinski, Arkadiusz"]
[WhiteFideId "13507443"]
[BlackFideId "1126415"]
[WhiteElo "2524"]
[BlackElo "2222"]
[Result "1/2-1/2"]
[Round "05"]
[TimeControl "180+1"]
[Date "2022.05.03"]
[WhiteClock "0:00:11"]
[BlackClock "0:00:26"]

1. d4 d5 2. c4 e6 3. Nf3 Nf6 4. g3 Be7 5. Bg2 O-O 6. O-O dxc4 7. Ne5 Nc6 8. Nxc6 bxc6 9. Na3 Bxa3 10. bxa3 Ba6 11. Qd2 Bb5 12. a4 Bxa4 13. Qb4 Bb5 14. a4 Ba6 15. Ba3 Qxd4 16. Qa5 Qb6 17. Qxb6 cxb6 18. Bxf8 Kxf8 19. Bxc6 Rc8 20. Bb5 Bb7 21. Rfc1 Bd5 22. f3 e5 23. Ra2 e4 24. Kf2 exf3 25. exf3 Ne8 26. Rd2 Be6 27. Rd4 Ke7 28. Rcd1 Rc7 29. Ke3 g6 30. g4 h6 31. h3 Nf6 32. Kd2 g5 33. Kc3 Ne8 34. Kb4 Rc5 35. Bxc4 a5+ 36. Kc3 Nd6 37. Rxd6 Rxc4+ 38. Kb2 Rb4+ 39. Kc3 Rxa4 40. Rxb6 Ra3+ 41. Kd4 Rxf3 42. Rb7+ Kf6 43. Ra7 Rxh3 44. Rf1+ Kg6 45. Ra6 Rg3 46. Rxa5 Rxg4+ 47. Ke5 h5 48. Ra7 Rg2 49. Rf6+ Kg7 50. Rxe6 Re2+ 51. Kf5 Rxe6 52. Kxg5 Rh6 53. Kh4 Rh8 54. Ra5 Kg6 55. Rg5+ Kh6 56. Rxh5+ Kg7 57. Rxh8 Kxh8 58. Kg5 Kg8 59. Kf6 Kf8 60. Kf5 Ke7 61. Ke5 Ke8 62. Kf6 Kf8 63. Kf5 Kg7 64. Kg5 f6+ 65. Kf5 Kf7 66. Kf4 Ke7 67. Kf5 Kf7 68. Kf4 Ke6 69. Ke4 f5+ 70. Kf4 Kf6 71. Kf3 Ke5 72. Ke3 f4+ 73. Kf3 Kf5 74. Kf2 Ke4 75. Ke2 f3+ 1/2-1/2


[Site "https://www.chess.com"]

[Event "Titled Tuesday Blitz May 03 Late 2022"]
[White "Keller, Peter"]
[Black "Ferreira, Vitor Hugo Vieira"]
[WhiteFideId "1272105"]
[BlackFideId "2119765"]
[WhiteElo "2275"]
[BlackElo "2165"]
[Result "1-0"]
[Round "05"]
[TimeControl "180+1"]
[Date "2022.05.03"]
[WhiteClock "0:00:26"]
[BlackClock "0:00:02"]

1. e4 c5 2. c3 d5 3. exd5 Qxd5 4. d4 Nf6 5. Nf3 Bg4 6. Nbd2 cxd4 7. Bc4 Qd6 8. Qb3 Bxf3 9. Bxf7+ Kd8 10. Nxf3 dxc3 11. O-O Nbd7 12. Rd1 Qb6 13. Qxc3 Rc8 14. Qd3 e6 15. Bg5 Rc7 16. Ne5 Be7 17. Bxf6 Bxf6 18. Nxd7 Qxb2 19. Nxf6+ Ke7 20. Qd6+ Kxf7 21. Qxc7+ Kxf6 22. Qf4+ Kg6 23. Qg4+ Kh6 24. Rab1 Qc2 25. Rxb7 Rg8 26. Re1 Qd2 27. Rxe6+ 1-0


[Site "https://www.chess.com"]

[Event "Titled Tuesday Blitz May 03 Late 2022"]
[White "Keymer, Vincent"]
[Black "Nagy, Gabor"]
[WhiteFideId "12940690"]
[BlackFideId "737119"]
[WhiteElo "2557"]
[BlackElo "2534"]
[Result "0-1"]
[Round "05"]
[TimeControl "180+1"]
[Date "2022.05.03"]
[WhiteClock "0:01:25"]
[BlackClock "0:02:04"]

1. Nf3 c5 2. c4 Nc6 3. Nc3 e5 4. g3 g6 5. Bg2 Bg7 6. O-O Nge7 7. a3 O-O 8. Rb1 d5 9. cxd5 Nxd5 10. Nxe5 Nxc3 11. Nxc6 Nxe2+ 12. Qxe2 bxc6 13. Bxc6 Bf5 14. Bxa8 Qxa8 15. d3 Re8 16. Qd1 Bh3 17. f3 Bd4+ 18. Kh1 Bxf1 19. Qxf1 Re1 0-1


[Site "https://www.chess.com"]

[Event "Titled Tuesday Blitz May 03 Late 2022"]
[White "Khanin, Semen"]
[Black "Suarez Uriel, Adrian"]
[WhiteFideId "4111990"]
[BlackFideId "22230874"]
[WhiteElo "2442"]
[BlackElo "2316"]
[Result "1-0"]
[Round "05"]
[TimeControl "180+1"]
[Date "2022.05.03"]
[WhiteClock "0:01:07"]
[BlackClock "0:01:07"]

1. d4 Nf6 2. Nf3 g6 3. c4 Bg7 4. Nc3 d5 5. h4 c6 6. cxd5 cxd5 7. Bf4 Bf5 8. e3 Nc6 9. Be2 O-O 10. Ne5 Rc8 11. h5 Ne4 12. hxg6 hxg6 13. g4 Nxc3 14. bxc3 Be6 15. Bd3 Nxe5 16. Bxe5 Bxe5 17. dxe5 Kg7 18. f4 Qa5 19. Kf2 Qxc3 20. f5 Bd7 21. Qf3 Qxe5 22. Rab1 Bc6 23. Rh3 Rh8 24. Rbh1 Rxh3 25. Qxh3 Qb2+ 26. Kf3 d4+ 27. e4 Kf6 28. g5+ Ke5 29. Qg3# 1-0


[Site "https://www.chess.com"]

[Event "Titled Tuesday Blitz May 03 Late 2022"]
[White "Kholin, Aleksandr"]
[Black "Milanovic, Marko"]
[WhiteFideId "14179385"]
[BlackFideId "980129"]
[WhiteElo "2464"]
[BlackElo "2159"]
[Result "1-0"]
[Round "05"]
[TimeControl "180+1"]
[Date "2022.05.03"]
[WhiteClock "0:00:18"]
[BlackClock "0:00:08"]

1. d4 Nf6 2. c4 c5 3. d5 e6 4. Nc3 exd5 5. cxd5 d6 6. Nf3 g6 7. g3 Bg7 8. Bg2 O-O 9. O-O Re8 10. Nd2 a6 11. a4 Nbd7 12. h3 Qc7 13. Nc4 Ne5 14. Na3 b6 15. f4 Ned7 16. e4 Nh5 17. Kh2 c4 18. Qe2 a5 19. Nab5 Qc5 20. Be3 Qb4 21. Nd4 Nc5 22. Nc6 Qb3 23. Ra3 Qxa3 24. bxa3 Bxc3 25. Qxc4 Bg7 26. Rd1 Ba6 27. Qc2 Nf6 28. e5 Nfd7 29. e6 Nf6 30. f5 Rac8 31. Bd4 fxe6 32. fxe6 Bb7 33. Na7 Rcd8 34. Nb5 Nh5 35. Bxg7 Kxg7 36. Rf1 Kg8 37. g4 Ng7 38. Rf7 Ba8 39. Qc3 Ncxe6 40. dxe6 Nxe6 41. Bxa8 Kxf7 42. Bd5 Ke7 43. Bxe6 Kxe6 44. Nc7+ Kf7 45. Nxe8 Rxe8 46. Qc7+ Re7 47. Qxd6 Re2+ 48. Kg3 Re3+ 49. Kh4 h6 50. Qd7+ Kf6 51. Qd4+ Re5 52. Kg3 Ke6 53. Qxb6+ Kf7 54. Qc7+ Kf6 55. Qc6+ Kf7 56. Qd7+ Kf6 57. Qd4 Ke6 58. Qb6+ Kf7 59. h4 g5 60. hxg5 hxg5 61. Qd4 Ke6 62. Qc4+ Kf6 63. Kf3 Kg6 64. Qc6+ Kf7 65. Qd6 Re6 66. Qd5 Kf6 67. Qf5+ Ke7 68. Qxg5+ Kd7 69. Qxa5 Rf6+ 70. Qf5+ Rxf5+ 71. gxf5 Kc6 72. Kf4 Kb6 73. Ke5 Ka5 74. f6 Kxa4 75. f7 Kxa3 1-0


[Site "https://www.chess.com"]